[Event "Gibraltar Challengers B 2019"]
[Site "Caleta"]
[Date "2019.01.26"]
[Round "1"]
[White "Schouten, Freek"]
[Black "Maldonado Mena, German"]
[Result "0-1"]
[ECO "E76"]
[WhiteElo "2087"]
[BlackElo "1808"]
[Annotator "NA"]
[PlyCount "78"]
[EventDate "2019.01.18"]
[EventType "swiss"]
[EventCountry "GGB"]
[SourceTitle "playchess.com"]
[Source "ChessBase"]
[SourceQuality "1"]
[TimeControl "6600+10"]

1. d4 Nf6 2. c4 g6 3. Nc3 Bg7 4. e4 d6 5. f4 O-O 6. Nf3 Ne8 7. Be2 {[%emt 0:00:52] E76: King's Indian: Four Pawns Attack: Lines specific to 6 Nf3 move-order} Bg4 8. O-O Nd7 9. Be3 c5 10. d5 Qa5 $146 ({Predecessor:} 10... Rb8 11. Qc2 f5 12. Ng5 Bxe2 13. Ne6 Qc8 14. Nxe2 Rf7 15. Ng3 fxe4 {1-0 (25) Rivera,I (2188)-Labrador Avendano,A (1611) Bogota 2018}) 11. Ng5 Bxe2 12. Qxe2 Bxc3 13. bxc3 Qxc3 14. Rac1 Qa5 15. Qg4 Nef6 16. Qh3 h5 17. e5 dxe5 18. f5 Ng4 19. fxg6 fxg6 20. Rxf8+ (20. Rfe1 $1 $15) 20... Rxf8 21. Ne6 Rf7 22. Qg3 Qa3 23. Re1 Qd3 24. h3 Nxe3 25. Rxe3 Rf1+ 26. Kh2 Qf5 27. a4 b6 $2 (27... Qb1 28. Qh4 Rh1+ 29. Kg3 Nf6) 28. a5 Rc1 29. axb6 axb6 30. Ra3 Rxc4 31. Ra8+ Kh7 $18 (31... Kf7 {is a better chance.}) 32. Qe3 Qf6 33. Ng5+ Kh6 34. Rh8+ Kg7 35. Rh7+ Kg8 36. Rf7 Qd6 37. Rf1 Rf4 38. Rd1 Nf6 39. Kh1 Nxd5 0-1

[Event "Gibraltar Challengers B 2019"]
[Site "Caleta"]
[Date "2019.01.26"]
[Round "1"]
[White "Suez-Panama, Gilles"]
[Black "Sidali, Elias Hulleberg"]
[Result "0-1"]
[ECO "E04"]
[WhiteElo "2078"]
[BlackElo "1783"]
[Annotator "NA"]
[PlyCount "58"]
[EventDate "2019.01.18"]
[EventType "swiss"]
[EventCountry "GGB"]
[SourceTitle "playchess.com"]
[Source "ChessBase"]
[SourceQuality "1"]
[TimeControl "6600+10"]

1. Nf3 Nf6 2. d4 d5 3. c4 e6 4. g3 dxc4 5. Bg2 Bd7 6. Ne5 Bc6 7. Nxc6 Nxc6 8. Qa4 Qd7 9. e3 Nb4 10. Qxd7+ Nxd7 11. Na3 Nd3+ 12. Ke2 Bxa3 13. bxa3 Rb8 14. Be4 Nxc1+ 15. Rhxc1 b5 16. Rab1 a6 17. a4 Ke7 18. axb5 axb5 19. a4 bxa4 20. Rxc4 f5 21. Rxb8 Rxb8 22. Bc6 Rb2+ 23. Kf3 a3 24. Bxd7 Kxd7 25. Ra4 a2 26. h4 Kc6 27. Ra8 Rc2 28. Ra7 Kb5 29. Rb7+ Kc4 0-1

[Event "Gibraltar Challengers B 2019"]
[Site "Caleta"]
[Date "2019.01.26"]
[Round "1"]
[White "Spacapan, Simon"]
[Black "Tkadlecek, Petr"]
[Result "1-0"]
[ECO "B33"]
[WhiteElo "2061"]
[BlackElo "1719"]
[Annotator "NA"]
[PlyCount "59"]
[EventDate "2019.01.18"]
[EventType "swiss"]
[EventCountry "GGB"]
[SourceTitle "playchess.com"]
[Source "ChessBase"]
[SourceQuality "1"]
[TimeControl "6600+10"]

1. e4 c5 2. Nf3 Nc6 3. d4 cxd4 4. Nxd4 Nf6 5. Nc3 e5 6. Ndb5 a6 7. Nd6+ Bxd6 8. Qxd6 Qe7 {[%emt 0:00:20] B33: Sicilian: Pelikan and Sveshnikov Variations} 9. Qd3 h6 (9... d6 10. Bg5 Be6 11. Be2 Nd4 12. Nd5 Bxd5 13. exd5 Nxe2 14. Qxe2 h6 15. Bxf6 Qxf6 {0-1 (51) Palchun,G (2454)-Hasangatin,R (2502) Sochi 2018}) 10. Be3 Nb4 $146 ({Predecessor:} 10... O-O 11. Nd5 Nxd5 12. exd5 e4 13. Qc3 Ne5 14. d6 Qe6 15. Bb6 Re8 16. O-O-O Qxa2 17. b3 a5 18. Kd2 Re6 19. Ra1 Rxd6+ 20. Bd4 {1-0 (20) Weichhold,P (2382)-Kula,D (1894) Teplice 2013}) 11. Qd2 Ng4 12. Bb6 O-O 13. a3 Qe6 14. Bc5 Nc6 15. Bxf8 Kxf8 16. Nd5 Rb8 17. c3 Na5 18. Rd1 b5 19. b4 Nb7 $18 20. Be2 d6 21. O-O Nf6 22. Nxf6 Qxf6 23. c4 Qg6 24. f3 Bh3 25. Rf2 Bd7 26. Qd5 bxc4 27. Bxc4 Be6 28. Qc6 a5 29. Ba6 axb4 30. Bxb7 1-0

[Event "Gibraltar Challengers B 2019"]
[Site "Caleta"]
[Date "2019.01.26"]
[Round "1"]
[White "Cao Armillas, Jesus"]
[Black "Meszaros, Andras"]
[Result "0-1"]
[ECO "E68"]
[WhiteElo "2048"]
[BlackElo "2226"]
[Annotator "NA"]
[PlyCount "122"]
[EventDate "2019.01.18"]
[EventType "swiss"]
[EventCountry "GGB"]
[SourceTitle "playchess.com"]
[Source "ChessBase"]
[SourceQuality "1"]
[TimeControl "6600+10"]

1. d4 Nf6 2. c4 g6 3. Nc3 Bg7 4. g3 O-O 5. Bg2 d6 6. Nf3 Nbd7 7. O-O e5 8. e4 exd4 9. Nxd4 Re8 10. Re1 Nc5 11. Rb1 {[%emt 0:01:15] LiveBook: 7 Games E68: King's Indian: Fianchetto: 6...Nbd7 7 0-0 e5 8 e4} (11. h3 Bd7 12. Bf4 h6 13. Nb3 Na4 14. Bd2 Nxb2 15. Qe2 Na4 16. Rab1 Nxc3 17. Bxc3 Rb8 18. c5 dxc5 19. Nxc5 Bc6 20. Qb2 b6 {1-0 (50) Yu,Y (2750)-Ganguly,S (2665) Ashkhabad 2017}) 11... Bd7 12. f3 $146 ({Predecessor:} 12. Bf4 Ng4 13. h3 Ne5 14. Bf1 Qc8 15. Kh2 Ned3 16. Bxd3 Bxd4 17. Bf1 Bg7 18. Nd5 c6 {1-0 (63) Vijayalakshmi,S (2351)-Demchenko,A (2596) Chennai 2016}) 12... a6 13. Bg5 h6 14. Be3 Rb8 15. Nb3 Nxb3 16. axb3 Bc6 17. Qd2 Kh7 18. Ba7 Ra8 19. Bd4 a5 20. Rbd1 Nd7 21. Bxg7 Kxg7 22. Nd5 Bxd5 23. Qxd5 Re5 24. Qd2 Qf6 25. f4 Re7 26. Re3 Nc5 27. Rde1 Rae8 28. e5 (28. Qxa5 $15 Qxb2 29. Qa1 Qxa1 30. Rxa1) 28... dxe5 29. Qxa5 exf4 30. Rxe7 Rxe7 31. Rxe7 Qxe7 32. Qc3+ Qf6 33. b4 Qxc3 34. bxc3 {[%emt 0:00:05] [#]} Na4 $1 35. Bxb7 fxg3 36. hxg3 Kf6 37. Kf2 Nxc3 38. Ke3 Ke5 39. Bc6 f5 40. Be8 g5 41. b5 Ne4 42. Bc6 Nxg3 43. c5 Ne4 44. b6 cxb6 45. cxb6 Kd6 46. Be8 Nf6 47. Bg6 f4+ 48. Kd4 Kc6 49. Bf5 Kxb6 50. Ke5 Ne8 51. Bg4 Kc5 52. Kf5 Kd4 53. Kg6 Ke5 54. Kxh6 Nf6 55. Bd1 g4 56. Kg5 f3 57. Kh4 Kf4 58. Bb3 Nd7 59. Bc4 Ne5 60. Bf1 Ng6+ 61. Kh5 g3 0-1

[Event "Gibraltar Challengers B 2019"]
[Site "Caleta"]
[Date "2019.01.26"]
[Round "1"]
[White "Hamer, Martyn"]
[Black "Dolzhikova, Olga"]
[Result "1-0"]
[ECO "B00"]
[WhiteElo "2046"]
[BlackElo "2224"]
[Annotator "NA"]
[PlyCount "82"]
[EventDate "2019.01.18"]
[EventType "swiss"]
[EventCountry "GGB"]
[SourceTitle "playchess.com"]
[Source "ChessBase"]
[SourceQuality "1"]
[TimeControl "6600+10"]

1. d4 e6 2. Nf3 b6 3. e4 Bb7 4. Bd3 c5 5. c3 d6 6. O-O Nf6 7. Qe2 Be7 8. Nbd2 {[%emt 0:05:38] LiveBook: 9 Games B00: Queen's Fianchetto Defence, Nimzowitsch Defence} (8. Bg5 O-O 9. e5 Ne8 10. Bxe7 Qxe7 11. Nbd2 Nd7 12. Ne4 Rd8 13. Rfe1 g6 14. Rad1 cxd4 15. cxd4 dxe5 16. dxe5 {1-0 (26) Perdomo,L (2449)-Granda Zuniga,J (2657) Florianopolis 2018}) 8... Qc7 9. Re1 Nc6 10. e5 $146 ({Predecessor:} 10. Nc4 d5 11. exd5 Nxd5 12. Nce5 Nxe5 13. Nxe5 O-O 14. dxc5 bxc5 15. Qh5 f5 {1-0 (42) Fugger,C (1938)-Kuecher,W (2075) Neumarkt am Wallersee 2012}) 10... Nd5 11. Nf1 cxd4 12. cxd4 Ndb4 13. Bb1 dxe5 14. dxe5 (14. a3 $5 ) 14... Rd8 15. Bg5 Ba6 16. Qe4 Bxg5 17. Nxg5 {[%emt 0:00:20] [#]} Rd4 (17... Bd3 $1 $17 18. Qh4 Bxb1 19. Raxb1 Nd3) 18. Qf3 h6 19. Qh5 O-O 20. Nf3 Rd7 21. Be4 Bd3 22. Ng3 Nc2 23. Rad1 Nxe1 24. Rxe1 Rfd8 25. h3 Bxe4 26. Rxe4 Nd4 27. Rg4 Nxf3+ 28. gxf3 g6 $2 (28... Qc1+ 29. Kh2 Rd1) 29. Qxh6 Qxe5 30. Nh5 $2 (30. Kg2) 30... Qh8 31. Qg5 Kf8 32. Nf4 Qg7 33. Kg2 Rd5 34. Nxd5 Rxd5 35. Qf4 Qe5 36. Qb4+ Kg7 37. b3 Rd1 38. Re4 $2 (38. Qe4 $17 Qa1 39. f4) 38... Qa1 39. Kg3 Rg1+ 40. Kf4 g5+ 41. Ke3 Qc1+ 1-0

[Event "Gibraltar Challengers B 2019"]
[Site "Caleta"]
[Date "2019.01.26"]
[Round "1"]
[White "Kukic, Boris"]
[Black "Elishev, Ivan"]
[Result "0-1"]
[ECO "B01"]
[WhiteElo "2035"]
[BlackElo "2224"]
[Annotator "NA"]
[PlyCount "126"]
[EventDate "2019.01.18"]
[EventType "swiss"]
[EventCountry "GGB"]
[SourceTitle "playchess.com"]
[Source "ChessBase"]
[SourceQuality "1"]
[TimeControl "6600+10"]

1. e4 d5 2. exd5 Nf6 3. Nf3 Bg4 4. Be2 Qxd5 5. d4 Nc6 ({Don't play} 5... Bxf3 6. Bxf3 Qa5+ 7. c3 $16) 6. c3 O-O-O 7. O-O e5 {[%emt 0:04:08] B01: Scandinavian Defence} 8. c4 Qd7 9. d5 $1 e4 $146 ({Predecessor:} 9... Bxf3 $14 10. Bxf3 Nd4 11. Be3 Nxf3+ 12. Qxf3 Qg4 13. Nd2 Be7 14. Rac1 Kb8 15. h3 Qxf3 16. Nxf3 {1-0 (53) Despontin,L (2309)-Andersen,J (2303) ICCF email 2015}) 10. Ne1 (10. dxc6 $16 Qxd1 11. Rxd1) 10... Ne5 11. Bxg4 Qxg4 12. Qxg4+ Nfxg4 13. h3 Nf6 14. b3 Bc5 15. Bb2 Rhe8 16. Nc3 c6 17. Na4 Bf8 18. Bxe5 Rxe5 19. dxc6 bxc6 20. Nc2 Rd2 21. Ne3 Re8 22. Rfd1 Red8 23. Kf1 Ba3 24. Rxd2 Rxd2 25. Ke1 Bb4 26. Kf1 Nd7 27. a3 Bc5 28. Nxc5 Nxc5 29. b4 Nd3 30. Nd1 f5 31. g3 g5 32. a4 f4 ({Don't take} 32... Nxb4 33. g4 $19) 33. gxf4 gxf4 34. b5 f3 35. a5 Re2 36. Kg1 Re1+ 37. Kh2 {[%emt 0:00:06] [#]} Nxf2 $1 38. Nxf2 Rxa1 39. Nxe4 cxb5 40. cxb5 Rxa5 41. Kg3 Ra3 42. h4 h6 43. h5 Kd7 44. Nf6+ Ke6 45. Ng4 Kf5 46. Nxh6+ Kg5 47. Nf7+ Kxh5 48. Ne5 Kg5 49. Nxf3+ Kf5 50. Kf2 Ke4 51. Ng5+ Kd5 52. Ke2 Kc4 53. Kd2 Ra2+ 54. Kc1 Kxb5 55. Kb1 Rg2 56. Nf3 Kb4 57. Nd4 a5 58. Nc6+ Kb5 59. Nd4+ Kc4 60. Nc2 Kc3 61. Ne3 Re2 62. Nf5 Rf2 63. Ne3 Kb3 0-1

[Event "Gibraltar Challengers B 2019"]
[Site "Caleta"]
[Date "2019.01.26"]
[Round "1"]
[White "Fegan, Chris"]
[Black "Pinho, Paulo"]
[Result "1/2-1/2"]
[ECO "E72"]
[WhiteElo "2024"]
[BlackElo "2205"]
[Annotator "NA"]
[PlyCount "75"]
[EventDate "2019.01.18"]
[EventType "swiss"]
[EventCountry "GGB"]
[SourceTitle "playchess.com"]
[Source "ChessBase"]
[SourceQuality "1"]
[TimeControl "6600+10"]

1. d4 Nf6 2. c4 g6 3. g3 Bg7 4. Bg2 O-O 5. Nc3 d6 6. e4 Nc6 7. Nge2 e5 8. d5 Nd4 9. O-O c5 10. dxc6 bxc6 11. Nxd4 exd4 12. Qxd4 {[%emt 0:00:58] E72: King's Indian: 4 e4 d6 5 g3} Ng4 {[%emt 0:04:20] LiveBook: 6 Games} 13. Qd2 (13. Qd1 Ne5 14. b3 Nxc4 15. bxc4 Bxc3 16. Bh6 Re8 17. Rc1 Bh8 18. e5 Rxe5 19. Bxc6 Bh3 {0-1 (43) Nielsen,P (2639)-Fressinet,L (2668) Porto Vecchio 2017}) 13... Ne5 14. b3 Qa5 $146 ({Predecessor:} 14... Qf6 15. Bb2 Nf3+ 16. Bxf3 Qxf3 17. Qf4 Qxf4 18. gxf4 f5 19. e5 dxe5 20. fxe5 Bxe5 21. Rfe1 {½-½ (21) Borges Matos,J (2530)-Moreno,A (2385) Ciego de Avila 1996}) 15. Bb2 Be6 16. f4 Ng4 17. h3 Qc5+ 18. Kh1 Ne3 19. Rfe1 (19. Rf3 $18 {is more deadly.} Nxg2 20. Kxg2 (20. Qxg2 Qa5 $16)) 19... Nxg2 20. Kxg2 Qa5 21. Red1 Qh5 {[%emt 0:01:16] [#]} 22. g4 ({Better is} 22. Rh1 $1 $16) 22... Qh4 23. Qf2 ({Not} 23. Qxd6 Rad8 $15) 23... Qe7 24. f5 Bc8 25. Rf1 Bxc3 26. Bxc3 Qxe4+ 27. Kh2 Qd3 28. Bb2 Re8 29. fxg6 Qxg6 30. Qd4 Re2+ 31. Kg1 Re5 32. Rae1 f6 33. Qxd6 Bxg4 34. Bxe5 Bxh3+ 35. Bg3 Bxf1 36. Rxf1 Re8 $18 37. Qxf6 Qxg3+ 38. Kh1 1/2-1/2

[Event "Gibraltar Challengers B 2019"]
[Site "Caleta"]
[Date "2019.01.26"]
[Round "1"]
[White "Herzwurm, Robert"]
[Black "Lucas Vega, Ivan"]
[Result "0-1"]
[ECO "B23"]
[WhiteElo "2021"]
[BlackElo "2203"]
[Annotator "NA"]
[PlyCount "90"]
[EventDate "2019.01.18"]
[EventType "swiss"]
[EventCountry "GGB"]
[SourceTitle "playchess.com"]
[Source "ChessBase"]
[SourceQuality "1"]
[TimeControl "6600+10"]

1. e4 c5 2. Nc3 a6 3. f4 Nc6 4. g3 {[%emt 0:01:24] B23: Closed Sicilian: Lines without g3} (4. Nf3 e6 5. d3 d5 6. g3 dxe4 7. dxe4 Qxd1+ 8. Nxd1 Nf6 9. e5 Nd5 10. c4 Nde7 11. Ne3 Nf5 12. Bd3 Be7 13. Kf2 Nxe3 14. Bxe3 Bd7 {0-1 (29) Gazik,V (2501)-Manik,M (2400) Banska Stiavnica 2018}) 4... e6 5. Bg2 g6 6. Nf3 Bg7 7. Qe2 Nge7 8. d3 O-O 9. O-O Nd4 10. Nxd4 cxd4 11. Nd1 d6 12. g4 $146 f6 13. h4 Bd7 14. Qf2 e5 15. f5 Bc6 16. Qg3 Kh8 17. Bd2 Rg8 18. fxg6 hxg6 19. Nf2 Rf8 20. Bh3 Bd7 21. g5 f5 22. h5 gxh5 23. Qh4 (23. exf5 $11 {remains equal.} Nxf5 24. Qh2) 23... Qe8 24. Nh1 f4 25. Bxd7 Qxd7 26. Qxh5+ Kg8 27. Rf2 Qe6 28. Raf1 Qg6 29. Qg4 Nc6 30. Rh2 Rf7 31. Rf3 Nd8 32. Rfh3 Ne6 33. Rh5 Re8 $14 34. Kf1 Kf8 35. Bb4 Nc5 36. Nf2 Rd8 37. Rh6 Bxh6 38. Rxh6 Qg7 39. Qh4 Ke8 40. g6 Rf6 41. Rh8+ Rf8 42. Rh7 Qf6 43. Qh5 Rg8 44. Bxc5 dxc5 45. Rf7 Qxg6 0-1

[Event "Gibraltar Challengers B 2019"]
[Site "Caleta"]
[Date "2019.01.26"]
[Round "1"]
[White "Hassomal Daswani, Birjkumar"]
[Black "Pavlov, Egor"]
[Result "0-1"]
[ECO "B18"]
[WhiteElo "2008"]
[BlackElo "2187"]
[Annotator "NA"]
[PlyCount "94"]
[EventDate "2019.01.18"]
[EventType "swiss"]
[EventCountry "GGB"]
[SourceTitle "playchess.com"]
[Source "ChessBase"]
[SourceQuality "1"]
[TimeControl "6600+10"]

1. e4 c6 2. d4 d5 3. Nd2 dxe4 4. Nxe4 Bf5 5. Ng3 Bg6 6. Nf3 Nd7 7. Bd3 Ngf6 8. Bg5 {[%emt 0:00:50] B18: Classical Caro-Kann: 4...Bf5 sidelines} (8. Bxg6 hxg6 9. O-O e6 10. c4 Be7 11. Bf4 O-O 12. a4 a5 13. Re1 Re8 14. Re3 b5 15. axb5 cxb5 16. d5 exd5 17. cxd5 {½-½ (75) Sutovsky,E (2622)-Motylev,A (2660) Poikovsky 2016}) 8... Qc7 $146 ({Predecessor:} 8... e6 9. Bxg6 hxg6 10. O-O Qc7 11. Re1 Bd6 12. c4 O-O 13. Ne4 Nxe4 14. Rxe4 c5 15. Qd2 f6 16. Be3 Rfd8 17. Rxe6 cxd4 18. Bxd4 Nf8 19. Re4 Qxc4 20. a3 Rac8 21. Qe1 Qb5 {½-½ (21) Lovakovic,F (2396)-Tazelaar,H (2382) ICCF email 2015}) 9. Bxg6 hxg6 10. Qe2 e6 11. O-O-O O-O-O 12. Ne5 Nxe5 13. dxe5 Rxd1+ 14. Rxd1 Nd7 15. Nf1 Qxe5 16. Qxe5 Nxe5 17. Rd8+ Kc7 18. Ra8 Nd7 19. Be7 $2 (19. Bd8+ $16 Kd6 20. Rxa7) 19... Nb8 20. Bd8+ Kc8 21. Bg5 f6 22. Be3 a6 23. a4 Bd6 24. h3 Rh4 25. b3 Bf4 26. Kd2 g5 (26... Bc7 $17 27. Kc1 c5) 27. Kd3 Bxe3 28. Nxe3 Kc7 29. a5 Rh8 30. Nc4 Rd8+ 31. Ke2 c5 32. Nb6 g6 33. Na4 Kc6 34. c4 Rf8 35. Nc3 f5 36. Na4 Nd7 37. Rxf8 Nxf8 38. g4 Nd7 39. Ke3 Kd6 $15 (39... e5 $19 40. Nc3 e4) 40. Nb2 fxg4 41. hxg4 Ne5 42. f3 Nc6 43. Nd3 Nxa5 44. Nc1 e5 45. Ke4 b5 46. cxb5 axb5 47. Kd3 Nxb3 {[%emt 0:01:02] Kd4 [%emt 00:00:35]} 0-1

[Event "Gibraltar Challengers B 2019"]
[Site "Caleta"]
[Date "2019.01.26"]
[Round "1"]
[White "Vinal Gutierrez, Pedro"]
[Black "Orndahl, Markus"]
[Result "0-1"]
[ECO "A48"]
[WhiteElo "1997"]
[BlackElo "2173"]
[Annotator "NA"]
[PlyCount "100"]
[EventDate "2019.01.18"]
[EventType "swiss"]
[EventCountry "GGB"]
[SourceTitle "playchess.com"]
[Source "ChessBase"]
[SourceQuality "1"]
[TimeControl "6600+10"]

1. d4 Nf6 2. Bf4 g6 3. e3 Bg7 4. Nf3 d6 5. h3 O-O 6. Be2 b6 7. O-O Bb7 8. c4 Ne4 {[%emt 0:01:44] A48: 1 d4 Nf6 2 Nf3 g6: Torre, London and Colle Systems} (8... Nbd7 9. Bh2 e6 10. Nfd2 Re8 11. Nc3 e5 12. Bf3 Qc8 13. Rc1 Bh6 14. Rc2 a5 15. Nb5 Bf8 16. b3 {0-1 (51) Caruana,F (2804)-Vachier Lagrave,M (2789) Paris 2016}) 9. Nbd2 Nd7 10. Qc2 Nxd2 11. Qxd2 e5 12. Bh2 e4 $146 ({Predecessor:} 12... Qe7 13. Rac1 a5 14. Rfd1 Rad8 15. Qc2 f5 16. a3 {1-0 (31) Pecorelli Garcia,H (2435)-Plachetka,J (2440) Trencianske Teplice 1985}) 13. Ne1 {[%emt 0:00:17] LiveBook: 3 Games} Qe7 14. b4 a5 15. b5 f5 16. Nc2 Kh8 17. Rac1 Rf7 18. d5 Nc5 19. Nd4 Re8 20. Kh1 Ref8 21. Nb3 Nxb3 22. axb3 Qh4 23. Bg3 Qh6 24. f3 exf3 25. Rxf3 Bc8 26. c5 dxc5 27. Bc4 Bb7 28. Qf2 g5 $15 (28... Re7 $17 29. Bf4 g5) 29. Bh2 f4 30. exf4 gxf4 31. Re1 Bd4 32. Qd2 Qg5 33. Re4 Be5 34. Rd3 Bd6 35. Qe2 Rg7 36. Re8 Rxe8 37. Qxe8+ Rg8 38. Qe2 Bc8 39. Rd1 Bd7 40. Bg1 Re8 41. Qf1 Qe5 42. Qf2 Qc3 43. Rd3 Qe1 44. Qf3 Qe2 45. Qxe2 Rxe2 46. Rd1 Rc2 47. Rf1 a4 48. Ra1 axb3 49. Bxb3 Rb2 50. Bc4 Bxb5 0-1

[Event "Gibraltar Challengers B 2019"]
[Site "Caleta"]
[Date "2019.01.26"]
[Round "1"]
[White "Probst, Alexander"]
[Black "Gonzalez Gonzalez, Alfonso"]
[Result "1-0"]
[ECO "D02"]
[WhiteElo "1976"]
[BlackElo "2160"]
[Annotator "NA"]
[PlyCount "58"]
[EventDate "2019.01.18"]
[EventType "swiss"]
[EventCountry "GGB"]
[SourceTitle "playchess.com"]
[Source "ChessBase"]
[SourceQuality "1"]
[TimeControl "6600+10"]

1. Nf3 Nc6 2. d4 d5 3. g3 Bf5 4. Bg2 Qd7 5. Ne5 {[%emt 0:03:15] D02: 1 d4 d5 2 Nf3 sidelines, including 2...Nf6 3 g3 and 2...Nf6 3 Bf4} (5. O-O e6 6. c4 Rd8 7. Nc3 Nf6 8. Bg5 Be7 9. cxd5 Nxd5 10. Bxe7 Qxe7 11. Qb3 Qb4 12. Qxb4 Ndxb4 {1-0 (127) Radjabov,T (2710)-Deac,B (2543) Bastia 2016}) 5... Nxe5 6. dxe5 O-O-O 7. O-O f6 $146 ({Predecessor:} 7... h5 8. a4 e6 9. f4 h4 10. Be3 hxg3 11. hxg3 Bh3 12. Bxa7 Bxg2 13. Kxg2 {0-1 (32) Mueller,M (2208)-Steensen,K playchess.com INT 2004}) 8. Qd4 b6 9. c4 e6 10. cxd5 Bc5 11. Qc4 exd5 12. Qa6+ Kb8 13. Nc3 c6 14. Bf4 g5 15. e6+ gxf4 16. exd7 Rxd7 17. Qa4 Ne7 18. Qxf4+ Bd6 19. Qa4 h5 20. e4 b5 21. Qb3 h4 $18 22. exf5 hxg3 23. hxg3 Nxf5 24. Nxb5 cxb5 25. Qxb5+ Kc7 26. Qxd5 Rh5 27. Rac1+ Kd8 28. Qg8+ Ke7 29. Rfe1+ Be5 1-0

[Event "Gibraltar Challengers B 2019"]
[Site "Caleta"]
[Date "2019.01.26"]
[Round "1"]
[White "Garcia Lopez, Juan Antonio"]
[Black "Bengherabi, Khalil"]
[Result "0-1"]
[ECO "A09"]
[WhiteElo "1964"]
[BlackElo "2150"]
[Annotator "NA"]
[PlyCount "46"]
[EventDate "2019.01.18"]
[EventType "swiss"]
[EventCountry "GGB"]
[SourceTitle "playchess.com"]
[Source "ChessBase"]
[SourceQuality "1"]
[TimeControl "6600+10"]

1. Nf3 d5 2. c4 d4 3. d3 c5 4. b4 {[%emt 0:00:00] A09: Réti Opening: 1 Nf3 d5 2 c4} cxb4 5. a3 bxa3 6. Bxa3 Nc6 7. g3 g6 {[%emt 0:00:07] LiveBook: 10 Games} 8. Bg2 Bg7 9. O-O Nf6 10. Nbd2 O-O 11. Qc2 (11. Nb3 Re8 12. Nfd2 Qc7 13. Nc5 Nd7 14. Qa4 Nxc5 15. Bxc5 {½-½ (42) Gareyev,T (2584)-Gasanov,E (2502) Baku 2018}) 11... Re8 12. Rfb1 Qc7 13. Ng5 $146 ({Predecessor:} 13. Nb3) 13... h6 14. Nge4 Nd7 15. Nb3 Kh7 16. f4 f5 17. Nec5 Nf6 18. Bxc6 bxc6 19. Nxd4 e5 20. fxe5 Qxe5 21. Nf3 Qe3+ 22. Kf1 Ng4 23. Ke1 Bc3+ {[%emt 0:00:52] Qd1 [%emt 00:00:17]} 0-1

[Event "Gibraltar Challengers B 2019"]
[Site "Caleta"]
[Date "2019.01.26"]
[Round "1"]
[White "Cano Sevilla, Ivan"]
[Black "Haase, Pavel"]
[Result "1/2-1/2"]
[ECO "A80"]
[WhiteElo "1950"]
[BlackElo "2141"]
[Annotator "ChessBase"]
[PlyCount "246"]
[EventDate "2019.01.18"]
[EventType "swiss"]
[EventCountry "GGB"]
[SourceTitle "playchess.com"]
[Source "ChessBase"]
[SourceQuality "1"]
[TimeControl "6600+10"]

1. d4 f5 2. Bf4 Nf6 3. e3 e6 4. Nf3 b6 5. c4 Bb4+ 6. Nbd2 Bb7 7. Be2 Bxd2+ 8. Nxd2 d6 9. Bf3 Qc8 10. O-O Nbd7 11. h3 O-O 12. b4 e5 13. Bxb7 Qxb7 14. Bh2 Rae8 15. Nb3 f4 16. dxe5 Nxe5 17. Bxf4 Nxc4 18. Rc1 Re4 19. Nd4 b5 20. Qc2 a5 21. bxa5 c5 22. Nf3 d5 23. Nd2 Re6 24. Nxc4 bxc4 25. Qa4 Ra6 26. Rb1 Qd7 27. Qxd7 Nxd7 28. Rfd1 Nf6 29. Rb5 Ne4 30. Be5 c3 31. f3 Re8 32. fxe4 Rxe5 33. exd5 c2 34. Rc1 Rxd5 35. Rxc2 Rd3 36. Rcxc5 Rxe3 37. Rb6 Ra8 38. Rc7 h6 39. a6 Ra3 40. Rbb7 R3xa6 41. Rxg7+ Kh8 42. a4 Rf6 43. Rh7+ Kg8 44. Rbg7+ Kf8 45. Rh8+ Kxg7 46. Rxa8 Rf4 47. a5 Rf5 48. Kh2 Rf4 49. Kg3 Ra4 50. a6 Kf7 51. Kf3 Kf6 52. a7 Kg7 53. Ke3 Kh7 54. Kd3 Kg7 55. Kc3 Kh7 56. Kb3 Ra1 57. Kb4 Kg7 58. Kb5 Rb1+ 59. Kc6 Ra1 60. Kd6 Ra6+ 61. Ke5 Ra5+ 62. Kf4 Ra4+ 63. Kg3 Kh7 64. Kf2 Ra3 65. g4 Kg7 66. Ke2 Kh7 67. Kd2 Kg7 68. Kc2 Ra6 69. Kd3 Ra4 70. Kc3 Ra1 71. Kd4 Rd1+ 72. Ke5 Re1+ 73. Kf4 Rf1+ 74. Kg3 Rg1+ 75. Kh4 Ra1 76. Kg3 Ra3+ 77. Kf2 Ra2+ 78. Ke3 Ra4 79. h4 Kh7 80. Kd3 Kg7 81. Kc3 Ra1 82. Kb2 Ra6 83. Kb3 Ra1 84. Kc4 Rc1+ 85. Kd3 Rd1+ 86. Kc3 Ra1 87. g5 hxg5 88. hxg5 Ra3+ 89. Kb2 Ra6 90. Kb3 Ra1 91. Kc4 Rc1+ 92. Kd3 Rd1+ 93. Ke2 Ra1 94. Kf2 Ra3 95. Ke2 Ra2+ 96. Kd3 Ra1 97. Kc2 Ra6 98. Kb2 Rb6+ 99. Kc3 Ra6 100. Kb4 Ra1 101. Kc4 Rc1+ 102. Kb3 Ra1 103. Kb2 Ra6 104. Kc3 Ra1 105. Kd4 Rd1+ 106. Kc3 Ra1 107. Kd3 Rd1+ 108. Ke3 Re1+ 109. Kf3 Ra1 110. Rc8 Rxa7 111. Kg4 Ra6 112. Kh5 Rb6 113. Rc7+ Kg8 114. Rd7 Ra6 115. Re7 Rb6 116. Re4 Kg7 117. Rc4 Ra6 118. Rc5 Rb6 119. g6 Rb1 120. Rc7+ Kg8 121. Rc5 Kg7 122. Rc7+ Kg8 123. Rc5 Kg7 1/2-1/2

[Event "Gibraltar Challengers B 2019"]
[Site "Caleta"]
[Date "2019.01.26"]
[Round "1"]
[White "Garcia Rodriguez, Inaki"]
[Black "Ramasindraibe, Girard"]
[Result "0-1"]
[ECO "D00"]
[WhiteElo "1931"]
[BlackElo "2129"]
[Annotator "NA"]
[PlyCount "34"]
[EventDate "2019.01.18"]
[EventType "swiss"]
[EventCountry "GGB"]
[SourceTitle "playchess.com"]
[Source "ChessBase"]
[SourceQuality "1"]
[TimeControl "6600+10"]

1. d4 Nf6 2. Bg5 d5 3. Bxf6 exf6 4. e3 Be7 5. c4 O-O 6. Nc3 Be6 7. Qb3 dxc4 8. Qxb7 Nd7 9. Qf3 $17 Rb8 10. d5 Ne5 11. Qe4 Rxb2 12. Bxc4 f5 13. Qd4 c5 14. Qxe5 Bf6 15. Qf4 Bxc3+ 16. Kf1 Bxd5 17. Ne2 g5 0-1

[Event "Gibraltar Challengers B 2019"]
[Site "Caleta"]
[Date "2019.01.26"]
[Round "1"]
[White "Adebajo, Olufemi"]
[Black "Jordan Martinez, David"]
[Result "1-0"]
[ECO "B53"]
[WhiteElo "1915"]
[BlackElo "2125"]
[Annotator "NA"]
[PlyCount "137"]
[EventDate "2019.01.18"]
[EventType "swiss"]
[EventCountry "GGB"]
[SourceTitle "playchess.com"]
[Source "ChessBase"]
[SourceQuality "1"]
[TimeControl "6600+10"]

1. e4 c5 2. Nc3 d6 3. Nf3 Nf6 4. d4 cxd4 5. Qxd4 Nc6 6. Bb5 Bd7 7. Bxc6 Bxc6 8. Bg5 e6 9. O-O-O Be7 10. Kb1 Qa5 11. Rhe1 O-O 12. Qd2 Qb6 13. Nd4 {[%emt 0:01:31] LiveBook: 17 Games B53: Sicilian: 2...d6: Lines with Qxd4} Rfd8 14. f3 (14. g4 Rac8 15. f3 Be8 16. Nd5 Nxd5 17. exd5 Bxg5 18. Qxg5 Qc5 19. Qc1 e5 20. Nf5 Rd7 {½-½ (31) Cao,S (2548)-Acs,P (2522) Hungary 2007}) 14... a5 15. Be3 Qa6 $146 ({Predecessor:} 15... Qc7 16. Ndb5 Bxb5 17. Nxb5 Qc6 18. a4 d5 19. e5 Ne8 20. Qf2 Rdc8 {1-0 (70) Husek,M (2089)-Hronek,M (1866) Czech Republic 2017}) 16. g4 b5 17. Nce2 b4 18. Nxc6 Qxc6 19. Nd4 Qb7 20. h4 a4 21. g5 Nh5 22. Qe2 g6 23. Qb5 Qxb5 24. Nxb5 Ra5 25. Nd4 Rc8 26. Bd2 d5 27. a3 dxe4 28. Bxb4 Bxb4 29. axb4 Ra7 30. fxe4 Nf4 31. Nb5 Raa8 32. Rd7 e5 33. c3 Rf8 34. Red1 h6 35. Nc7 Rab8 36. Nd5 hxg5 37. hxg5 Nh3 38. Ne7+ Kg7 39. Nc6 Rb6 40. Nxe5 Nxg5 41. Nc4 Re6 42. e5 Nf3 43. R7d5 g5 44. Rd6 Rfe8 45. Rxe6 Rxe6 46. b5 Nxe5 47. Nd6 g4 48. b6 Kg6 49. b7 Nc6 50. Ne4 Kf5 51. Nc5 Re8 52. Rd5+ Kf4 53. Rd6 Nb8 54. Rf6+ Ke3 55. Rxf7 g3 56. Rg7 Kf3 57. Kc2 g2 58. Nd3 Nc6 59. Kd2 Rd8 60. Kc2 $11 Re8 61. Rf7+ Kg3 62. Rg7+ Kh2 63. Rh7+ Kg3 64. Rg7+ Kh2 65. Rh7+ Kg1 66. Nf4 Kf1 67. Nxg2 Kxg2 68. Rc7 Re7 69. Rxe7 1-0